 Dungeon Crawl Stone Soup version 0.22-a0-189-g981819d (webtiles) character file.

84 andromachus the Shield-Bearer (level 4, -5/28 HPs)
             Began as a Gargoyle Fighter on Feb 15, 2018.
             Slain by a worm (8 damage)
             ... on level 3 of the Dungeon.
             The game lasted 00:11:20 (2795 turns).

andromachus the Shield-Bearer (Gargoyle Fighter)    Turns: 2795, Time: 00:11:20

Health: -5/28      AC:  9    Str: 28    XL:     4   Next: 46%
Magic:  4/4        EV:  8    Int:  9    God:
Gold:   116        SH: 10    Dex:  9    Spells: 3/3 levels left

rFire    . . .     SeeInvis .   a - +0 long sword
rCold    . . .     Gourm    .   c - +0 shield
rNeg     + . .     Faith    .   m - +0 ring mail (curse)
rPois    ∞         Spirit   .   (no helmet)
rElec    +         Reflect  .   (no cloak)
rCorr    .         Harm     .   (no gloves)
MR       .....     Rnd*Tele +   (no boots)
Stlth    ..........             (no amulet)
HPRegen  0.09/turn              q - ring of teleportation (curse)
MPRegen  0.09/turn              o - +3 ring of strength

@: mighty
A: negative energy resistance 1, electricity resistance, unbreathing,
petrification resistance, rot immunity, AC +3
a: no special abilities


You were on level 3 of the Dungeon.
You were not hungry.

You visited 1 branch of the dungeon, and saw 3 of its levels.

You collected 116 gold pieces.

Inventory:

Hand Weapons
 a - a +0 long sword (weapon)
 k - a +0 short sword
 n - a +3 hand axe
Missiles
 e - 57 arrows
Armour
 b - a +0 scale mail
 c - a +0 shield (worn)
 m - a cursed +0 ring mail (worn)
 r - a +0 ring mail
 s - a +0 chain mail
Jewellery
 o - a +3 ring of strength (right hand)
 q - a cursed ring of teleportation (left hand)
Scrolls
 g - a scroll of magic mapping {unknown}
 h - a scroll of amnesia {unknown}
 i - 2 scrolls of enchant weapon {unknown}
 l - 2 scrolls of remove curse {unknown}
Potions
 j - a potion of haste {unknown}
 p - a potion of ambrosia {unknown}
Comestibles
 f - 2 rations


   Skills:
 + Level 3.6 Fighting
 + Level 2.6 Long Blades
 + Level 3.9 Armour
 + Level 0.2 Dodging
 + Level 0.1 Stealth
 + Level 4.2 Shields


You had 3 spell levels left.
You didn't know any spells.

Dungeon Overview and Level Annotations

Branches:
Dungeon (3/15)

Altars:
Trog


Innate Abilities, Weirdness & Mutations

You are resistant to torment.
Your stone body is resilient. (AC +3)
You are immune to poison.
You resist negative energy. (rN+)
You are resistant to electric shocks. (rElec)
You can survive without breathing.
You are immune to petrification.
You are immune to rotting.


Message History

The bat barely misses you. You block the ball python's attack.
The ball python constricts you. You block the kobold's attack.
A hobgoblin comes into view. It is wielding a club.
Your shield and ring mail prevent you from hitting the ball python.
The hobgoblin shouts!
You block the bat's attack. The ball python barely misses you.
You riposte.
You slash the ball python!
You kill the ball python!
The hobgoblin moves out of view.
The kobold barely misses you. The worm bites you.
You hit the kobold but do no damage.
The kobold is heavily wounded.
You block the bat's attack. You block the kobold's attack. The worm bites you.
* * * LOW HITPOINT WARNING * * *
The kobold hits you but does no damage.
Unknown command.
You feel very mighty all of a sudden. You block the bat's attack.
The kobold hits you but does no damage. The worm bites you!
You die...

.. .... ...
..... #.. ..b..
#.. #.....
###.##......
#...#.....). #
#.<.......
..###.#.Kw.###..
...[....@b......
#.....).........
........_..#...(
.##......#.g....
.....##..##....
..^... ...# ?./.
..#### ##.. ..#
.. #.# ##


You could see a worm, a hobgoblin, 2 bats and a kobold.

Vanquished Creatures
  2 adders (D:2)
  A worm (D:2)
  2 dart slugs (D:2)
  8 leopard geckos
  A ball python (D:3)
  3 giant cockroaches
  4 goblins
  6 hobgoblins
  2 jackals (D:1)
  5 bats
  5 frilled lizards (D:1)
  10 kobolds
  3 rats
52 creatures vanquished.

Vanquished Creatures (others)
  A plant (D:1)
1 creature vanquished.

Grand Total: 53 creatures vanquished

Notes
Turn   | Place    | Note
-------+----------+-------------------------------------------
     0 | D:1      | andromachus the Gargoyle Fighter began the quest for the Orb.
     0 | D:1      | Reached XP level 1. HP: 14/14 MP: 1/1
   216 | D:1      | Reached XP level 2. HP: 16/19 MP: 2/2
   932 | D:1      | Reached XP level 3. HP: 23/23 MP: 3/3
  1473 | D:1      | Reached skill level 4 in Shields
  1837 | D:2      | Reached XP level 4. HP: 28/28 MP: 4/4
  2779 | D:3      | Found a bloodstained altar of Trog.
  2795 | D:3      | Slain by a worm

Vault maps used:
D:1:      dpeg_arrival_shrine, lexackson_kobold_supper
D:2:      first_ration, amethyst_killhole, kennysheep_generic_room_10
D:3:      kennysheep_six_static_rooms, grunt_temple_overflow_growth_and_decay,
          overflow_temple_1_default

Skill      XL: |  1  2  3 |
---------------+----------+-----
Long Blades    | 2 |  2.6
Shields        | 4 |  4.2
Fighting       | |  3.6
Armour         | |  3.9
Dodging        | |  0.2
Stealth        | |  0.1

Action                   |  1- 3 |  4- 6 || total
-------------------------+-------+-------++-------
Melee: Long sword        |   161 |    61 ||   222
  Use: Potion            |       |     1 ||     1
  Eat: Ration            |     1 |     1 ||     2
Armor: Scale mail        |   114 |     3 ||   117
       Ring mail         |       |    26 ||    26
Dodge: Dodged            |    57 |    26 ||    83
Block: Shield            |   104 |    33 ||   137
       Rpst.: Long sword |    22 |     7 ||    29

Table legend:
 A = Spawn XP
 B = Non-spawn XP
 C = Spawn XP percentage of total XP
 D = Spawn monster count
 E = Non-spawn monster count
 F = Spawn count percentage of total count
 G = Total turns spent on level
                    A         B        C        D         E        F      G
               +---------+---------+-------+---------+---------+-------+---------
         Total |       0 |     121 |   0.0 |       0 |      52 |   0.0 |  2795
               +---------+---------+-------+---------+---------+-------+---------
           D:1 |       0 |      55 |   0.0 |       0 |      31 |   0.0 |  1612
           D:2 |       0 |      60 |   0.0 |       0 |      17 |   0.0 |  1167
           D:3 |       0 |       6 |   0.0 |       0 |       4 |   0.0 |    16
               +---------+---------+-------+---------+---------+-------+---------
